 Dungeon Crawl Stone Soup version 0.31-a0-1008-g5b978da (webtiles) character file.

Game seed: 18312187096140584131

1231 Dorkslayer the Cleaver (level 8, -2/69 HPs)
             Began as a Hill Orc Fighter on Nov 12, 2023.
             Was an Initiate of the Shining One.
             Slain by an orc warrior
             ... wielding a +0 war axe
              (11 damage)
             ... on level 6 of the Dungeon.
             The game lasted 00:10:36 (3922 turns).

Dorkslayer the Cleaver (Hill Orc Fighter)           Turns: 3922, Time: 00:10:36

Health: -2/69      AC: 13    Str: 21    XL:     8   Next: 48%
Magic:  8/8        EV:  9    Int:  8    God:    the Shining One [......]
Gold:   358        SH:  4    Dex: 10    Spells: 7/7 levels left

rFire   . . .        A - +0 war axe
rCold   + . .        c - +0 buckler
rNeg    . . .        q - +0 chain mail
rPois   .            f - +2 hat
rElec   .            s - +0 cloak {Stlth+}
rCorr   .            (no gloves)
SInv    .            (no boots)
Will    .....        (no amulet) Stlth
                     a - ring of protection from cold
HPRegen 0.31/turn    (no ring)
MPRegen 0.11/turn

%: no passive effects
@: glowing
A: no striking features
a: Renounce Religion


You were on level 6 of the Dungeon.
You worshipped the Shining One.
The Shining One was noncommittal.
You visited 1 branch of the dungeon, and saw 6 of its levels.

You collected 358 gold pieces.

Inventory:

Hand Weapons
 A - a +0 war axe (weapon)
Missiles
 j - 8 javelins (quivered)
 p - 2 boomerangs
Armour
 c - a +0 buckler (worn)
 f - a +2 hat (worn)
 q - a +0 chain mail (worn)
 s - a +0 cloak of stealth (worn)
Jewellery
 a - a ring of protection from cold (left hand)
Wands
 x - a wand of polymorph (3)
Scrolls
 b - a scroll of enchant armour {unknown}
 d - 2 scrolls of teleportation
 i - a scroll of amnesia {unknown}
 m - 2 scrolls of immolation
 o - a scroll of torment {unknown}
 t - a scroll of fog {unknown}
 u - 2 scrolls of identify
 v - a scroll of revelation {unknown}
 w - a scroll of vulnerability {unknown}
 y - a scroll of poison {unknown}
 B - a scroll of enchant weapon {unknown}
Potions
 e - 2 potions of lignification {unknown}
 g - a potion of haste
 h - a potion of berserk rage
 k - 2 potions of mutation
 l - 2 potions of curing {unknown}
 n - 2 potions of degeneration {unknown}
 z - a potion of ambrosia {unknown}


   Skills:
 + Level 5.4 Fighting
 + Level 8.9 Axes
 + Level 5.0 Armour
 * Level 3.4 Dodging
 + Level 4.7 Shields
 * Level 1.2 Evocations


You had 7 spell levels left.
You didn't know any spells.
Your spell library contained the following spells:

 Spells                   Type           Power      Damage    Failure   Level
 Apportation              Tloc           0%         N/A       98%         1
 Jinxbite                 Hex            0%         N/A       99%         2
 Tukima's Dance           Hex            0%         N/A       100%        3
 Passage of Golubria      Tloc           0%         N/A       100%        4
 Alistair's Intoxication  Tmut/Pois      0%         N/A       100%        5
 Yara's Violent Unravell  Hex/Tmut       0%         3d3       100%        5


Dungeon Overview and Level Annotations

Branches:
Dungeon (6/15)
 Temple: D:4-7

Altars:
Hepliaklqana
Kikubaaqudgha
Okawaru
Qazlal
Trog
Yredelemnul
The Shining One
Lugonu

Shops:
D:2 ?

Portals:
Abyss: D:1


Message History

You barely miss the orc warrior.
The orc warrior is severely wounded.
The orc warrior barely misses you.
You hit the orc warrior but do no damage.
The orc warrior is severely wounded.
The orc warrior hits you with a +0 war axe.
You closely miss the orc warrior.
The orc warrior is severely wounded.
The orc warrior hits you with a +0 war axe.
You closely miss the orc warrior.
The orc warrior is severely wounded.
The orc warrior hits you with a +0 war axe!
* * * LOW HITPOINT WARNING * * *
You closely miss the orc warrior.
The orc warrior is severely wounded.
The orc warrior hits you with a +0 war axe.
* * * LOW HITPOINT WARNING * * *
You barely miss the orc warrior.
The orc warrior is severely wounded.
The orc warrior hits you with a +0 war axe.
* * * LOW HITPOINT WARNING * * *
You hit the orc warrior but do no damage.
The orc warrior is severely wounded.
The orc warrior hits you but does no damage.
Okay, then.
Okay, then.
You hit the orc warrior.
The orc warrior is almost dead.
You block the orc warrior's attack.
You hit the orc warrior but do no damage.
The orc warrior is almost dead.
The orc warrior closely misses you.
You closely miss the orc warrior.
The orc warrior is almost dead.
The orc warrior hits you with a +0 war axe!
* * * LOW HITPOINT WARNING * * *
You hit the orc warrior but do no damage.
The orc warrior is almost dead.
The orc warrior hits you with a +0 war axe!
You die...

.#######.# #...
.........# #..#
.######..# #..# #..#
#..# ######..#
###..##.#.......#####
.$..................
#))#########.######
#.@# #.#
#o.#########.#
#............#
##.#########.# #.#
#.# #.# #.#
#.#########.#
####...........#
###.........<....#


You could see an orc warrior.

Vanquished Creatures
  Sigmund (D:3)
  A black bear (D:4)
  2 kobold brigands (D:4)
  A scorpion (D:6)
  4 crimson imps (D:1)
  2 quasits (D:1)
  2 iron imps (D:1)
  3 jellies
  An orc priest (D:3)
  Crazy Yiuf (D:3)
  An iguana (D:5)
  3 orc wizards
  4 gnolls (D:5)
  5 adders
  3 shadow imps (D:1)
  2 white imps (D:5)
  An ufetubus (D:1)
  A worm (D:2)
  4 dart slugs
  15 orcs
  7 endoplasms
  2 giant cockroaches (D:1)
  8 goblins
  6 hobgoblins
  8 jackals
  24 kobolds
  A quokka (D:1)
  10 ball pythons
  3 bats
  3 frilled lizards
  3 goblin skeletons (D:5)
  2 hobgoblin zombies (D:5)
  3 kobold skeletons (D:5)
  A kobold zombie (D:5)
  An orc skeleton (D:5)
  2 orc zombies (D:5)
  2 rats (D:1)
143 creatures vanquished.

Notes
Turn   | Place    | Note
-------+----------+-------------------------------------------
     0 | D:1      | Dorkslayer the Hill Orc Fighter began the quest for the
                  | Orb.
     0 | D:1      | Reached XP level 1. HP: 19/19 MP: 1/1
    46 | D:1      | Found a large runed translucent door.
    46 | D:1      | Found a large runed translucent door.
    51 | D:1      | Noticed an iron imp
    54 | D:1      | Found a one-way gate to the infinite horrors of the Abyss.
    54 | D:1      | Noticed a quasit
    54 | D:1      | Noticed an iron imp
    89 | D:1      | Reached XP level 2. HP: 24/27 MP: 2/2
   301 | D:1      | Reached skill level 3 in Axes
   441 | D:1      | Reached XP level 3. HP: 32/33 MP: 3/3
   644 | D:1      | Found a corrupted altar of Lugonu.
   728 | D:1      | Reached XP level 4. HP: 40/40 MP: 4/4
   734 | D:1      | Reached skill level 4 in Axes
   734 | D:1      | Reached skill level 1 in Dodging
   736 | D:1      | Reached XP level 5. HP: 39/46 MP: 5/5
   748 | D:1      | Reached skill level 5 in Axes
   752 | D:1      | Reached XP level 6. HP: 38/53 MP: 6/6
   905 | D:2      | Found a bloodstained altar of Trog.
   947 | D:2      | Reached skill level 6 in Axes
   947 | D:2      | Found Mewi's Magic Scroll Shop.
  1266 | D:3      | Noticed Sigmund
  1277 | D:3      | Killed Sigmund
  1278 | D:3      | Reached XP level 7. HP: 56/60 MP: 7/7
  1286 | D:3      | Found an ancient bone altar of Kikubaaqudgha.
  1460 | D:3      | Reached skill level 7 in Axes
  1470 | D:3      | Found a hazy altar of Hepliaklqana.
  1609 | D:3      | Found a runed translucent door.
  1610 | D:3      | Noticed Crazy Yiuf
  2040 | D:3      | Killed Crazy Yiuf
  2144 | D:4      | Reached skill level 5 in Fighting
  2395 | D:4      | Reached skill level 8 in Axes
  2395 | D:4      | Reached XP level 8. HP: 53/68 MP: 8/8
  2474 | D:4      | Found an iron altar of Okawaru.
  2499 | D:4      | Found a basalt altar of Yredelemnul.
  2612 | D:4      | Found a stormy altar of Qazlal.
  3091 | D:5      | Entered Level 5 of the Dungeon
  3096 | D:5      | Found a glowing golden altar of the Shining One.
  3123 | D:5      | Became a worshipper of the Shining One
  3790 | D:6      | Reached skill level 1 in Evocations
  3818 | D:6      | Reached skill level 5 in Armour
  3922 | D:6      | Slain by an orc warrior

Illustrated notes

Levels and vault maps discovered:
D:1:      erik_arrival_cave_to_civilisation [erik_arrival_cave_to_temple],
          layout_basic
D:2:      layout_rooms, serial_shops, shop, basic_altar
D:3:      layout_loops_ring, kiku_gazebo_garden_becter,
          mainiacjoe_overflow_catwalk, uniq_crazy_yiuf_cottage, uniq_sigmund
D:4:      kennysheep_kobold_camp, layout_rooms,
          mainiacjoe_overflow_concentric_impassable, okawaru_ov_weapons_minmay,
          general_overflow_altar
D:5:      layout_loops_ring, nicolae_tso_besieged_by_evil
D:6:      lemuel_slime, layout_loops_ring, amethyst_overflow_temple_binary,
          minmay_temple_entry_waves

Skill      XL: |  1  2  3  4  5  6  7  8 |
---------------+-------------------------+-----
Fighting       | 4 5 |  5.4
Axes           | 3 4 5 6 8 |  8.9
Dodging        | 1 2 3 |  3.4
Armour         | 4 5 |  5.0
Shields        | 4 |  4.7
Evocations     | 1 |  1.2

Action                     |  1- 3 |  4- 6 |  7- 9 || total
---------------------------+-------+-------+-------++-------
  Melee: War axe           |    45 |    76 |   242 ||   363
    Use: Potion            |     1 |       |       ||     1
         Scroll            |       |     5 |     2 ||     7
 Armour: Scale mail        |    43 |   113 |    15 ||   171
         Chain mail        |       |       |   159 ||   159
  Dodge: Dodged            |    22 |    89 |    93 ||   204
  Block: Buckler           |     8 |    48 |    63 ||   119

Table legend: (Time is in decaauts)
 A = Elapsed time spent in this place.
 B = Non-inter-level travel time spent in this place.
 C = Inter-level travel time spent in this place.
 D = Time resting spent in this place.
 E = Time spent auto-exploring this place.
 F = Levels seen in this place.
 G = Mean time per level.
                   A        B        C        D        E       F      G
               +--------+--------+--------+--------+--------+-----+--------+
         Total |   3987 |   3987 |      0 |     47 |   2173 |   6 |  664.5 |
       Dungeon |   3987 |   3987 |      0 |     47 |   2173 |   6 |  664.5 |
               +--------+--------+--------+--------+--------+-----+--------+

Top non-repeatable levels by time:
     D:4: 966 daAuts
     D:3: 919 daAuts
     D:1: 842 daAuts
     D:5: 699 daAuts
     D:2: 419 daAuts
     D:6: 140 daAuts
